cohdb
Replays
Latest Replays
All Replays
Popular Replays
Top Player Replays
Match Explorer
How It Works
Community
CoH3 Stats
Reddit
Sign in to upload your games and track your stats! →
Sign in with Steam
Match 41199467
Unlisted
Match 41199467
Overview
Messages
Build Orders
End
Construct Section Command Post
Selects Indian Artillery Battlegroup
Selects Indian Artillery Battlegroup
Dingo Light Scout Car
Infantry Section
Infantry Section
Infantry Section
Construct Field Infirmary
Construct Field Infirmary
Selects Valour
Construct Platoon Command Post
Grenade Package
6-pounder Anti-tank Gun Team
Selects Artillery Saturation
Infantry Section
Infantry Training
Selects Gurkha Rifles Section
Unlock Bishop Self-propelled Artillery
Bishop Self-propelled Artillery
Gonta
Made in Germany
Rolo
CiachBajera
*Mule
FeriG
Ra11
Oziligath
0
0
Comments
sign in to comment!
No comments posted yet!